Map: Kairos Junction LE

Players

Parkkatz

  • Race: Zerg Zerg
  • League: Platinum
  • Spawn Location: 11:00

KingLV - Winner!

  • Race: Terran Terran
  • League: Platinum
  • Spawn Location: 5:00

VOD

Have the link to the VOD?

Description

Time

  • Played on: July 7, 2019, 10:35 a.m.
  • Length: 8:49
Show
View Real Time Build Order
Export as new Build Order

Parkkatz Zerg 

Build Orders: Hatch First 

Get SALT Encoding   

  12  0:01  Drone  
  13  0:13  Overlord  
  13  0:18  Drone  
  14  0:31  Drone x2  
  16  0:40  Drone  
  17  0:46  Drone  
  18  0:59  Hatchery  
  18  1:00  Extractor  
  18  1:01  Drone  
  17  1:15  Spawning Pool  
  17  1:17  Drone  
  17  1:22  Drone  
  18  1:29  Drone  
  19  1:45  Overlord  
  19  2:03  Queen  
  21  2:13  Queen  
  23  2:16  Drone  
  23  2:22  Metabolic Boost  
  24  2:26  Hatchery  
  24  2:30  Drone, Zergling x2  
  24  2:31  Zergling x2  
  24  2:34  Zergling x2  
  27  2:44  Drone x2  
  28  2:46  Drone  
  28  2:49  Overlord  
  30  2:56  Drone x2  
  32  3:05  Overlord  
  32  3:07  Drone  
  31  3:28  Lair  
  31  3:34  Roach Warren  
  31  3:35  Drone, Evolution Chamber  
  31  3:36  Drone x4  
  31  3:37  Drone x2  
  36  3:42  Extractor  
  36  3:43  Extractor  
  36  3:45  Queen  
  36  3:59  Drone  
  36  4:00  Drone x4  
  36  4:01  Drone  
  42  4:02  Overlord  
  42  4:09  Overlord  
  42  4:11  Drone x2  
  42  4:14  Extractor  
  43  4:19  Drone x3  
  46  4:26  Queen  
  46  4:31  Roach x2  
  50  4:32  Roach  
  50  4:35  Drone  
  50  4:38  Drone x2  
  57  4:41  Glial Reconstitution  
  57  4:45  Roach  
  59  4:51  Drone x4  
  63  4:58  Drone x3  
  66  5:04  Infestation Pit  
  66  5:06  Queen  
  67  5:09  Zerg Missile Weapons Level 1  
  67  5:10  Drone  
  67  5:13  Spore Crawler  
  67  5:15  Drone  
  67  5:18  Overlord  
  68  5:22  Drone  
  68  5:23  Drone x2  
  71  5:31  Roach  
  71  5:33  Overlord x2  
  73  5:42  Hatchery  
  72  5:46  Drone  
  72  5:47  Roach x3  
  72  5:48  Roach  
  81  5:51  Roach  
  81  5:54  Drone x3  
  86  6:07  Hive  
  86  6:10  Spire  
  86  6:11  Drone x2  
  87  6:13  Extractor x2  
  87  6:16  Overlord x2  
  85  6:26  Overlord x2  
  85  6:30  Drone x2  
  85  6:31  Drone x4, Overlord  
  90  6:56  Evolution Chamber  
  90  6:58  Drone  
  90  6:59  Drone  
  91  7:03  Queen  
  93  7:08  Hatchery  
  92  7:22  Greater Spire  
  96  7:30  Roach x5  
  96  7:33  Ravager  
  96  7:34  Ravager x4  
  96  7:35  Drone x3  
  110  7:43  Corruptor  
  112  7:45  Zergling x8  
  116  7:52  Spore Crawler  
  116  7:55  Viper  
  118  8:01  Viper  
  121  8:17  Corruptor x2  
  121  8:18  Overlord  
Show
View Real Time Build Order
Export as new Build Order

KingLV Terran - Winner!

Build Orders: Command Center First (CC), Mech 

Get SALT Encoding   

  12  0:07  SCV  
  13  0:15  Refinery  
  13  0:25  Supply Depot  
  13  0:26  SCV  
  14  0:38  SCV  
  15  0:50  SCV  
  16  1:16  Command Center  
  16  1:18  SCV  
  17  1:30  Barracks  
  17  1:33  SCV  
  18  1:45  SCV  
  19  2:11  Command Center  
  19  2:18  Engineering Bay  
  19  2:19  Marine  
  20  2:34  Orbital Command  
  20  2:39  Refinery  
  20  2:46  Planetary Fortress  
  20  2:51  Marine  
  21  3:07  SCV  
  22  3:19  SCV  
  23  3:32  Factory  
  23  3:35  Supply Depot  
  23  3:36  Orbital Command  
  23  3:39  SCV  
  24  3:46  SCV  
  25  4:11  Command Center  
  25  4:19  Armory  
  25  4:27  Factory Tech Lab  
  25  4:31  Refinery, SCV  
  25  4:32  Refinery, SCV  
  25  4:33  SCV  
  28  4:43  SCV  
  28  4:44  SCV  
  30  4:45  SCV  
  30  4:51  Marine  
  32  5:07  Thor  
  38  5:18  Factory  
  38  5:22  SCV x2  
  38  5:23  Factory  
  38  5:25  Factory, SCV  
  41  5:34  SCV x2  
  43  5:37  SCV  
  44  5:46  SCV x2  
  44  5:49  SCV  
  47  5:50  Orbital Command  
  47  5:58  Thor  
  47  6:01  SCV  
  47  6:02  SCV  
  47  6:03  SCV  
  56  6:09  Factory Reactor  
  56  6:10  Factory Tech Lab x2  
  56  6:14  SCV  
  56  6:16  SCV x3  
  60  6:26  SCV  
  60  6:28  SCV x3  
  64  6:33  Terran Vehicle And Ship Armor Level 1  
  64  6:34  Supply Depot  
  64  6:37  Supply Depot, Thor  
  70  6:44  Thor  
  76  6:55  Thor  
  76  6:56  Infernal Pre-Igniter  
  76  7:01  Hellbat x2  
  86  7:09  Supply Depot  
  86  7:14  Supply Depot  
  86  7:18  Supply Depot  
  86  7:19  Thor  
  92  7:31  Hellbat x2  
  92  7:35  Thor  
  102  7:41  Supply Depot  
  102  7:44  Supply Depot  
  102  7:45  Supply Depot  
  102  7:48  Supply Depot  
  102  7:53  Hellbat x2  
  106  8:20  SCV x4  
  110  8:32  SCV x4  
Tags
 
Add a new tag
Caveats
  • Supply blocks, unpowered buildings, or Contaminate may cause inaccurate times.
  • Supply counts are checked every 10 seconds.